 Dungeon Crawl Stone Soup version 0.29-a0-559-g359e09b9d1 (webtiles) character file.

Game seed: 5665448535593509471

1257 Heedrag the Conjurer (level 8, 0/57 HPs)
             Began as a Demonspawn Conjurer on June 9, 2022.
             Slain by a water moccasin (7 damage)
             ... on level 6 of the Dungeon.
             The game lasted 00:08:54 (5564 turns).

Heedrag the Conjurer (Demonspawn Conjurer)          Turns: 5564, Time: 00:08:55

Health: 0/57       AC:  9    Str:  7    XL:     8   Next: 27%
Magic:  1/14       EV: 12    Int: 31    God:
Gold:   239        SH:  0    Dex: 12    Spells: 4/15 levels left

rFire   . . .      SeeInvis +   v - +0 short sword
rCold   + . .      Faith    .   (no shield)
rNeg    . . .      Spirit   .   a - +0 robe
rPois   .          Reflect  .   E - +1 hat
rElec   .          Harm     .   (no cloak)
rCorr   .          Rampage  .   u - +5 pair of gloves "Ygoige" {rC+ Int+5}
Will    .....                   (no boots)
Stlth   +++.......              (no amulet)
HPRegen 0.19/turn               g - +4 ring of slaying
MPRegen 0.14/turn               z - ring of see invisible

@: flying
A: horns 2, powered by pain 1, spiny 1, big brain 2
a: no special abilities


You were on level 6 of the Dungeon.
You visited 1 branch of the dungeon, and saw 6 of its levels.

You collected 239 gold pieces.

Inventory:

Hand Weapons
 v - a +0 short sword (weapon)
   (You found it on level 1 of the Dungeon)
Missiles
 n - 12 poisoned darts
Armour
 a - a +0 robe (worn)
 u - the +5 pair of gloves "Ygoige" (worn) {rC+ Int+5}
   (You found it on level 4 of the Dungeon)

   Int:       It affects your intelligence (+5).
   rC:        It protects you from cold.
 B - the +8 scale mail of Yrchiar {rF+ rC+}
   (You found it on level 5 of the Dungeon)

   rF:        It protects you from fire.
   rC:        It protects you from cold.
 D - the +1 ring mail of Moral Flaws {Fly rC- Regen+}
   (You found it on level 5 of the Dungeon)

   rC:        It makes you vulnerable to cold.
   Fly:       It grants you flight.
   Regen:     It increases your rate of health regeneration.
 E - a +1 hat (worn)
   (You found it on level 5 of the Dungeon)
Magical Staves
 m - a staff of cold
   (You found it on level 2 of the Dungeon)
Jewellery
 g - a +4 ring of slaying (left hand)
   (You found it on level 1 of the Dungeon)
 j - a ring of fire
   (You found it on level 1 of the Dungeon)
 z - a ring of see invisible (right hand)
   (You found it on level 2 of the Dungeon)
Wands
 d - a wand of iceblast (4)
   (You found it on level 4 of the Dungeon)
Scrolls
 c - 7 scrolls of identify {unknown}
 f - a scroll of enchant armour {unknown}
 h - a scroll of fog {unknown}
 k - 6 scrolls of teleportation {unknown}
 l - a scroll of noise {unknown}
 o - a scroll of torment {unknown}
 p - a scroll of amnesia {unknown}
 q - 2 scrolls of immolation {unknown}
 r - a scroll of poison {unknown}
 y - a scroll of vulnerability {unknown}
 C - a scroll of enchant weapon {unknown}
Potions
 e - 2 potions of curing {@q1}
 i - a potion of mutation {unknown}
 s - a potion of heal wounds {unknown}
 t - a potion of flight
 w - a potion of brilliance {unknown}
 x - a potion of berserk rage {unknown}
 A - a potion of haste {@q3}


   Skills:
 + Level 2.5 Fighting
 + Level 3.2 Dodging
 + Level 4.3 Stealth
 + Level 4.1 Spellcasting
 * Level 7.0 Conjurations
 + Level 3.0 Hexes
 + Level 1.8 Translocations


You had 4 spell levels left.
You knew the following spells:

 Your Spells              Type           Power      Damage    Failure   Level
a - Magic Dart            Conj           100%       1d8       1%          1
s - Searing Ray           Conj           100%       2d8       1%          2
x - Iskenderun's Mystic   Conj/Tloc      33%        2d8       10%         4
z - Fulminant Prism       Conj/Hex       18%        3d11      8%          4

Your spell library contained the following spells:

 Spells                   Type           Power      Damage    Failure   Level
 Dazzling Flash           Conj/Hex       74%        N/A       2%          3
 Stone Arrow              Conj/Erth      56%        3d10      4%          3
 Mephitic Cloud           Conj/Pois/Air  20%        N/A       7%          3
 Call Imp                 Summ           6%         N/A       9%          2
 Ozocubu's Armour         Ice            6%         N/A       19%         3
 Animate Armour           Summ/Erth      12%        N/A       52%         4
 Ozocubu's Refrigeration  Ice            3%         4d5       100%        7
 Lehudib's Crystal Spear  Conj/Erth      14%        10d5      100%        8


Dungeon Overview and Level Annotations

Branches:
Dungeon (6/15)
 Temple: D:4-7

Altars:
Uskayaw
Wu Jian

Annotations:
D:4 3 runed translucent doors, supermoro06's ghost, amateur GrFi


Innate Abilities, Weirdness & Mutations

You have a pair of horns on your head.
You sometimes gain a little power by taking damage.
You are partially covered in sharp spines.
You have an extremely huge brain. (Int +4)


Message History

Aim: Duvessa, wielding a +0 short sword and wearing a +0 ring mail (heavily wounded, berserk, fast, 87% to hit)
The searing ray hits Duvessa. (Press . to maintain the ray.)
You hit Duvessa but do no damage.
Duvessa hits you with a +0 short sword! x2
* * * LOW HITPOINT WARNING * * *
The gnoll hits you but does no damage.
You hit Duvessa but do no damage. Duvessa hits you with a +0 short sword.
* * * LOW HITPOINT WARNING * * *
The gnoll misses you.
Unknown command.
You don't have enough magic to cast this spell.
Magic courses through your body.
You are no longer glowing.
Duvessa barely misses you. Duvessa is struck by your spines.
Duvessa hits you with a +0 short sword!
* * * LOW HITPOINT WARNING * * *
You focus on the pain.
You feel your power returning.
The gnoll hits you from afar with a +0 spear.
* * * LOW HITPOINT WARNING * * *
You erupt in a blast of force!
The mystic blast hits the gnoll.
The gnoll is knocked back by the mystic blast.
The mystic blast hits Duvessa.
Duvessa is knocked back by the mystic blast.
Duvessa collides with the gnoll!
A water moccasin comes into view.
You erupt in a blast of force!
The mystic blast hits Duvessa!
You kill Duvessa!
Your Conjurations skill increases to level 7!
Your Hexes skill increases to level 3!
You erupt in a blast of force!
The mystic blast hits the gnoll.
You kill the gnoll!
Unknown command.
You erupt in a blast of force!
The mystic blast hits the water moccasin!
The water moccasin is knocked back by the mystic blast.
It was a potion of curing.
You feel better.
The water moccasin is struck by your spines.
The water moccasin bites you.
* * * LOW HITPOINT WARNING * * *
It was a potion of flight.
You feel very buoyant.
You fly up into the air.
The water moccasin is struck by your spines.
The water moccasin barely misses you.
You miss the water moccasin.
The water moccasin is struck by your spines.
The water moccasin completely misses you.
The water moccasin is struck by your spines.
The water moccasin bites you!
You die...

####### ###### .......##
#....#### ........# #.##.##..
........###############..#.##..
.....>........@S............'..
####....#..†..##########.####..
#...<#.....# #....)))
#....#.....# ########
#.......+....(# #
#.#.....#.....# # #
#.#..##.....# # #.#.. #.....# #
# #.. ####### .


You could see a water moccasin.

Vanquished Creatures
  A water moccasin (D:5)
  Duvessa (D:6)
  An ice beast (D:4)
  An ogre (D:4)
  A phantom (D:4)
  A necrophage (D:5)
  5 scorpions
  Dowan (D:6)
  2 hounds
  Jessica (D:2)
  A gnoll shaman (D:6)
  An orc wizard (D:3)
  6 gnolls
  8 adders
  2 white imps (D:5)
  A worm (D:2)
  5 dart slugs
  12 orcs
  12 ball pythons
  5 endoplasms
  2 giant cockroaches
  9 goblins
  9 hobgoblins
  3 jackals (D:4)
  8 kobolds
  6 quokkas
  7 bats
  4 frilled lizards
  7 rats
123 creatures vanquished.

Vanquished Creatures (others)
  2 fulminant prisms (D:6)
2 creatures vanquished.

Grand Total: 125 creatures vanquished

Notes
Turn   | Place    | Note
-------+----------+-------------------------------------------
     0 | D:1      | Heedrag the Demonspawn Conjurer began the quest for the
                  | Orb.
     0 | D:1      | Reached XP level 1. HP: 13/13 MP: 3/3
    19 | D:1      | Found a faded altar of an unknown god.
   116 | D:1      | Gained mutation: You sometimes gain a little power by
                  | taking damage. [demonic ancestry]
   116 | D:1      | Reached XP level 2. HP: 17/19 MP: 1/5
   280 | D:1      | Learned a level 2 spell: Searing Ray
   869 | D:1      | Gained mutation: You have an unusually large brain. (Int
                  | +2) [demonic ancestry]
   869 | D:1      | Reached XP level 3. HP: 24/24 MP: 2/6
   995 | D:2      | Noticed Jessica
   998 | D:2      | Killed Jessica
  1385 | D:2      | Gained mutation: You have a pair of small horns on your
                  | head. [demonic ancestry]
  1385 | D:2      | Reached XP level 4. HP: 26/30 MP: 2/7
  1567 | D:2      | Reached skill level 5 in Conjurations
  1572 | D:2      | Learned a level 4 spell: Fulminant Prism
  2775 | D:3      | Gained mutation: You are partially covered in sharp spines.
                  | [demonic ancestry]
  2775 | D:3      | Reached XP level 5. HP: 25/35 MP: 4/9
  3215 | D:4      | Reached skill level 1 in Hexes
  3359 | D:4      | Noticed an ice beast
  3368 | D:4      | Killed an ice beast
  3369 | D:4      | Gained mutation: You have a pair of horns on your head.
                  | [demonic ancestry]
  3369 | D:4      | Reached XP level 6. HP: 21/42 MP: 1/10
  3520 | D:4      | Noticed supermoro06's ghost (amateur GrFi)
  3571 | D:4      | Found a runed translucent gate.
  3571 | D:4      | Found a runed translucent gate.
  3793 | D:4      | Reached skill level 1 in Fighting
  3793 | D:4      | Reached skill level 6 in Conjurations
  3854 | D:4      | Learned a level 4 spell: Iskenderun's Mystic Blast
  3932 | D:4      | Gained mutation: You have an extremely huge brain. (Int +4)
                  | [demonic ancestry]
  3932 | D:4      | Reached XP level 7. HP: 44/48 MP: 2/12
  4104 | D:4      | Identified the +5 pair of gloves "Ygoige" {rC+ Int+5}
  4303 | D:4      | Found a runed translucent gate.
  4592 | D:5      | Entered Level 5 of the Dungeon
  4670 | D:5      | Reached skill level 1 in Translocations
  4857 | D:5      | Identified the +8 scale mail of Yrchiar {rF+ rC+}
  5014 | D:5      | Identified the +1 ring mail of Moral Flaws {Fly rC- Regen+}
  5108 | D:5      | Found a hide-covered altar of Uskayaw.
  5109 | D:5      | Found an ornate altar of the Wu Jian Council.
  5443 | D:6      | Reached XP level 8. HP: 47/56 MP: 13/13
  5529 | D:6      | Noticed Duvessa
  5529 | D:6      | Noticed Dowan
  5539 | D:6      | Killed Dowan
  5544 | D:6      | HP: 2/57 [gnoll/+0 spear[a gnoll shaman] (1)]
  5546 | D:6      | Killed Duvessa
  5547 | D:6      | Reached skill level 7 in Conjurations
  5564 | D:6      | Slain by a water moccasin

Illustrated notes

Levels and vault maps discovered:
D:1:      ncdulo_watergridlock, layout_basic, hellmonk_ecumenical_altar_run_dry
D:2:      layout_loops_corners, minmay_misc_feat_roman, uniq_jessica
D:3:      layout_rooms, kennysheep_generic_room_12
D:4:      minmay_chambers_of_threes, layout_basic, gammafunk_ghost_split
D:5:      layout_cave_pools, gammafunk_temple_overflow_statue
D:6:      layout_basic, uniq_duvessa

Skill      XL: |  1  2  3  4  5  6  7  8 |
---------------+-------------------------+-----
Stealth        | 2 3 4 |  4.3
Dodging        | 2 3 |  3.2
Conjurations   | 5 6 7 |  7.0
Spellcasting   | 3 4 |  4.1
Hexes          | 1 2 3 |  3.0
Fighting       | 1 2 |  2.5
Translocations | 1 |  1.8

Action                   |  1- 3 |  4- 6 |  7- 9 || total
-------------------------+-------+-------+-------++-------
Melee: Short sword       |    16 |    19 |    28 ||    63
       Headbutt          |       |     5 |    10 ||    15
 Cast: Magic Dart        |    52 |    91 |    38 ||   181
       Searing Ray       |       |     8 |     3 ||    11
       Iskenderun's Myst |       |       |     6 ||     6
       Fulminant Prism   |       |       |     2 ||     2
  Use: Potion            |       |       |     3 ||     3
Armor: Robe              |     8 |     3 |    14 ||    25
Dodge: Dodged            |    24 |    20 |    20 ||    64

Table legend: (Time is in decaauts)
 A = Elapsed time spent in this place.
 B = Non-inter-level travel time spent in this place.
 C = Inter-level travel time spent in this place.
 D = Time resting spent in this place.
 E = Time spent auto-exploring this place.
 F = Levels seen in this place.
 G = Mean time per level.
                   A        B        C        D        E       F      G
               +--------+--------+--------+--------+--------+-----+--------+
         Total |   5570 |   5429 |    141 |    274 |   4426 |   6 |  928.3 |
       Dungeon |   5570 |   5429 |    141 |    274 |   4426 |   6 |  928.3 |
               +--------+--------+--------+--------+--------+-----+--------+

Top non-repeatable levels by time:
     D:4: 1456 daAuts
     D:2: 1306 daAuts
     D:1: 931 daAuts
     D:3: 902 daAuts
     D:5: 839 daAuts
     D:6: 134 daAuts
